[ AOE2 MATCH · #475242862 ]
UnrankedMongols vs Dravidians
Player's team · LOSS
[ REPLAY ANALYSIS · EXTRACTED FROM THE RECORDED GAME ]
Feudal
11:18
Castle
16:20
Imperial
—
| APM avg | 29.7 |
| APM peak | 72 |
| eAPM avg | 14.2 |
| Villagers / military | 74 / 46 |
Focus
⚔️ 29.1% · 🌾 70.9%
Steppe Lancer ×45 · Camel Scout ×1
Feudal
9:42
Castle
22:06
Imperial
—
| APM avg | 50.6 |
| APM peak | 107 |
| eAPM avg | 18.1 |
| Villagers / military | 57 / 73 |
Focus
⚔️ 44.2% · 🌾 55.8%
Archer ×73
Feudal
8:25
Castle
21:51
Imperial
—
| APM avg | 52.7 |
| APM peak | 86 |
| eAPM avg | 16.5 |
| Villagers / military | 50 / 72 |
Focus
⚔️ 45.5% · 🌾 54.5%
Archer ×68 · Skirmisher ×4
Feudal
8:43
Castle
25:33
Imperial
—
| APM avg | 38.6 |
| APM peak | 68 |
| eAPM avg | 20.2 |
| Villagers / military | 73 / 41 |
Focus
⚔️ 37.5% · 🌾 62.5%
Knight ×24 · Scout Cavalry ×13 · Spearman ×4
Feudal
9:39
Castle
26:19
Imperial
—
| APM avg | 34.2 |
| APM peak | 93 |
| eAPM avg | 18.4 |
| Villagers / military | 62 / 31 |
Focus
⚔️ 46.0% · 🌾 54.0%
Scout Cavalry ×28 · Steppe Lancer ×3
Feudal
8:40
Castle
27:59
Imperial
—
| APM avg | 41.3 |
| APM peak | 103 |
| eAPM avg | 16.6 |
| Villagers / military | 61 / 78 |
Focus
⚔️ 33.0% · 🌾 67.0%
Archer ×73 · Mangonel ×5
Feudal
—
Castle
—
Imperial
—
| APM avg | 25.5 |
| APM peak | 66 |
| eAPM avg | 13.1 |
| Villagers / military | 65 / 88 |
Focus
⚔️ 34.2% · 🌾 65.8%
Archer ×85 · Skirmisher ×3
Feudal
8:49
Castle
20:11
Imperial
—
| APM avg | 35.5 |
| APM peak | 128 |
| eAPM avg | 11.9 |
| Villagers / military | 49 / 44 |
Focus
⚔️ 35.3% · 🌾 64.7%
Knight ×34 · Scout Cavalry ×10
Match map
Initial resources + every placement click. Lines = walls · curves = elevation contours. ◆ gold · ⬟ stone · ● berries · ✦ relic · ◌ wall gap
Your base· Open — 9t gap
[DOV] The_GothFather's base· Open — 7t gap
Gloriosa's base· Open — 6t gap
SinManos's base· Open — 8t gap
King Gallas's base· ✓ Closed at 26:19 · 1t walls · no gate
KekL_Perce1992's base· Open — 13t gap
MACGP40's base· Open — 7t gap
OsoPolar's base· Open — 8t gap
Smoothed initial terrain · ◌ = detected wall gap · hover for details
Inputs per minute
— Nurmi - - [DOV] The_GothFather
Build order — Nurmi
First 150 of 196 actions detected
| 0:07 | Build | Town Center |
| 1:09 | Create | Villager (Male) |
| 1:09 | Create | Villager (Male) |
| 1:09 | Create | Villager (Male) |
| 1:11 | Create | Villager (Male) |
| 1:51 | Create | Villager (Male) |
| 2:46 | Create | Villager (Male) |
| 2:48 | Create | Villager (Male) |
| 3:14 | Create | Villager (Male) |
| 3:22 | Create | Villager (Male) |
| 3:29 | Create | Villager (Male) |
| 3:31 | Create | Villager (Male) |
| 3:42 | Build | Lumber Camp |
| 3:57 | Create | Villager (Male) |
| 4:33 | Create | Villager (Male) |
| 5:11 | Create | Villager (Male) |
| 5:36 | Build | House |
| 6:04 | Build | Mill |
| 6:48 | Build | Barracks |
| 6:53 | Create | Villager (Male) |
| 7:25 | Create | Villager (Male) |
| 7:53 | Create | Villager (Male) |
| 8:07 | Create | Villager (Male) |
| 8:08 | Research | Loom |
| 8:09 | Research | Feudal Age |
| 9:44 | Build | Mill |
| 10:31 | Build | Palisade Wall |
| 10:37 | Build | Palisade Wall |
| 11:04 | Build | Palisade Wall |
| 11:18 | Age | Feudal Age |
| 11:28 | Build | Stable |
| 11:32 | Create | Villager (Male) |
| 11:47 | Build | House |
| 12:05 | Create | Villager (Male) |
| 12:10 | Build | House |
| 12:25 | Build | Blacksmith |
| 12:32 | Build | House |
| 12:34 | Build | Palisade Wall |
| 12:43 | Create | Villager (Male) |
| 12:54 | Build | Palisade Wall |
| 13:08 | Build | Palisade Wall |
| 13:10 | Build | Palisade Wall |
| 13:12 | Build | Palisade Wall |
| 13:15 | Create | Villager (Male) |
| 13:20 | Build | Palisade Wall |
| 13:24 | Build | Palisade Wall |
| 13:30 | Build | Palisade Wall |
| 13:32 | Build | Palisade Wall |
| 13:34 | Research | Castle Age |
| 13:40 | Build | House |
| 13:51 | Build | Palisade Wall |
| 13:59 | Research | Bloodlines |
| 14:07 | Build | Stable |
| 14:24 | Build | Palisade Gate |
| 14:26 | Build | Palisade Wall |
| 14:28 | Build | Farm |
| 14:38 | Build | Farm |
| 14:41 | Build | Farm |
| 14:44 | Build | Farm |
| 14:46 | Build | Farm |
| 14:48 | Build | Farm |
| 15:11 | Build | Farm |
| 15:17 | Build | Farm |
| 15:42 | Build | House |
| 15:44 | Build | House |
| 16:13 | Build | Farm |
| 16:15 | Build | Farm |
| 16:20 | Age | Castle Age |
| 16:23 | Build | House |
| 16:25 | Create | Steppe Lancer |
| 16:26 | Create | Steppe Lancer |
| 16:27 | Create | Villager (Male) |
| 16:44 | Create | Steppe Lancer |
| 16:45 | Create | Steppe Lancer |
| 16:49 | Create | Villager (Male) |
| 17:09 | Create | Steppe Lancer |
| 17:10 | Create | Steppe Lancer |
| 17:24 | Build | Town Center |
| 17:26 | Create | Villager (Male) |
| 17:43 | Create | Steppe Lancer |
| 17:45 | Create | Steppe Lancer |
| 17:56 | Research | Scale Barding Armor |
| 18:36 | Build | Palisade Wall |
| 18:40 | Create | Villager (Male) |
| 18:51 | Create | Villager (Male) |
| 18:54 | Build | Farm |
| 19:03 | Create | Villager (Male) |
| 19:08 | Create | Villager (Male) |
| 19:21 | Build | Farm |
| 19:39 | Create | Villager (Male) |
| 19:54 | Create | Steppe Lancer |
| 19:55 | Create | Steppe Lancer |
| 20:06 | Build | Farm |
| 20:31 | Create | Villager (Male) |
| 20:33 | Create | Villager (Male) |
| 20:54 | Create | Villager (Male) |
| 21:01 | Build | Farm |
| 21:28 | Research | Chain Barding Armor |
| 21:28 | Create | Villager (Male) |
| 21:35 | Build | Farm |
| 21:45 | Build | Farm |
| 22:15 | Create | Villager (Male) |
| 22:17 | Create | Villager (Male) |
| 22:19 | Build | Farm |
| 22:24 | Create | Villager (Male) |
| 22:28 | Create | Steppe Lancer |
| 22:28 | Create | Steppe Lancer |
| 22:45 | Research | Husbandry |
| 22:49 | Build | Farm |
| 22:50 | Create | Villager (Male) |
| 23:14 | Build | Farm |
| 23:25 | Research | Wheelbarrow |
| 23:34 | Create | Villager (Male) |
| 23:36 | Build | Farm |
| 23:38 | Build | House |
| 23:51 | Create | Camel Scout |
| 23:53 | Create | Steppe Lancer |
| 23:57 | Create | Villager (Male) |
| 23:58 | Create | Villager (Male) |
| 24:25 | Build | House |
| 24:47 | Create | Steppe Lancer ×5 |
| 24:47 | Create | Steppe Lancer ×5 |
| 24:57 | Build | Farm |
| 24:58 | Build | Farm |
| 25:00 | Build | Farm |
| 25:01 | Build | Farm |
| 25:10 | Create | Villager (Male) |
| 25:20 | Build | Mill |
| 25:33 | Create | Steppe Lancer ×2 |
| 25:43 | Create | Villager (Male) |
| 25:45 | Create | Villager (Male) |
| 26:16 | Create | Villager (Male) |
| 26:17 | Create | Villager (Male) |
| 26:25 | Create | Steppe Lancer |
| 26:27 | Create | Steppe Lancer |
| 26:30 | Research | Forging |
| 26:32 | Create | Villager (Male) |
| 26:36 | Build | Farm |
| 26:39 | Build | Farm |
| 26:46 | Build | House |
| 26:49 | Build | House |
| 27:49 | Create | Villager (Male) |
| 27:52 | Build | House |
| 27:52 | Build | House |
| 27:57 | Create | Villager (Male) |
| 28:03 | Create | Villager (Male) |
| 28:05 | Create | Villager (Male) |
| 28:37 | Research | Hand Cart |
| 28:39 | Create | Villager (Male) |
| 29:29 | Create | Villager (Male) |
Build order — [DOV] The_GothFather
First 150 of 191 actions detected
| 0:06 | Build | Town Center |
| 1:09 | Create | Villager (Male) |
| 1:10 | Create | Villager (Male) |
| 1:10 | Create | Villager (Male) |
| 1:11 | Create | Villager (Male) |
| 1:38 | Build | Lumber Camp |
| 1:49 | Create | Villager (Male) |
| 2:33 | Create | Villager (Male) |
| 2:55 | Create | Villager (Male) |
| 3:22 | Build | Mill |
| 3:27 | Create | Villager (Male) |
| 3:53 | Create | Villager (Male) |
| 4:19 | Create | Villager (Male) |
| 4:37 | Create | Villager (Male) |
| 4:58 | Build | Mill |
| 5:32 | Create | Villager (Male) |
| 5:32 | Create | Villager (Male) |
| 5:47 | Create | Villager (Male) |
| 5:48 | Research | Loom |
| 7:32 | Research | Feudal Age |
| 7:56 | Build | Barracks |
| 8:03 | Build | House |
| 8:08 | Create | Villager (Male) |
| 8:08 | Create | Villager (Male) |
| 9:42 | Age | Feudal Age |
| 9:44 | Build | Archery Range |
| 9:48 | Build | Archery Range |
| 9:52 | Research | Double-Bit Axe |
| 10:09 | Create | Villager (Male) |
| 10:39 | Create | Archer |
| 10:48 | Create | Archer |
| 10:50 | Create | Villager (Male) |
| 11:04 | Create | Villager (Male) |
| 11:08 | Build | Blacksmith |
| 11:11 | Build | House |
| 11:17 | Create | Archer |
| 11:24 | Build | House |
| 11:44 | Create | Archer |
| 11:50 | Build | House |
| 11:54 | Build | House |
| 11:59 | Build | House |
| 12:06 | Build | Palisade Wall |
| 12:24 | Create | Archer |
| 12:24 | Create | Archer |
| 12:26 | Create | Villager (Male) |
| 12:36 | Research | Fletching |
| 12:41 | Create | Archer |
| 12:45 | Create | Villager (Male) |
| 12:54 | Create | Archer |
| 12:54 | Create | Archer |
| 13:08 | Create | Archer |
| 13:09 | Create | Villager (Male) |
| 13:11 | Research | Padded Archer Armor |
| 13:15 | Build | House |
| 13:16 | Build | House |
| 13:34 | Create | Archer |
| 13:34 | Create | Archer |
| 13:39 | Create | Archer |
| 13:41 | Create | Villager (Male) |
| 14:16 | Create | Archer |
| 14:16 | Create | Archer |
| 14:25 | Create | Villager (Male) |
| 14:26 | Create | Villager (Male) |
| 14:33 | Create | Archer |
| 14:36 | Create | Villager (Male) |
| 14:59 | Create | Villager (Male) |
| 15:05 | Build | House |
| 15:11 | Build | Farm |
| 15:17 | Create | Archer |
| 15:35 | Build | Farm |
| 15:36 | Create | Villager (Male) |
| 15:39 | Build | Farm |
| 15:50 | Create | Archer |
| 16:08 | Build | Farm |
| 16:25 | Create | Archer |
| 16:26 | Create | Archer |
| 16:35 | Build | Mill |
| 16:37 | Build | Farm |
| 16:43 | Create | Archer |
| 16:43 | Create | Archer |
| 16:52 | Create | Villager (Male) |
| 17:23 | Create | Villager (Male) |
| 17:28 | Build | Market |
| 17:30 | Build | Farm |
| 17:39 | Build | Farm |
| 17:41 | Build | Farm |
| 18:04 | Create | Archer |
| 18:05 | Create | Archer |
| 18:08 | Create | Archer |
| 18:08 | Create | Archer |
| 18:09 | Create | Villager (Male) |
| 18:10 | Create | Villager (Male) |
| 18:40 | Create | Villager (Male) |
| 18:43 | Build | Farm |
| 19:01 | Create | Archer |
| 19:01 | Create | Archer |
| 19:26 | Research | Castle Age |
| 19:29 | Create | Archer |
| 19:42 | Create | Villager (Male) |
| 20:05 | Create | Archer |
| 20:05 | Research | Horse Collar |
| 20:14 | Create | Archer |
| 20:15 | Create | Archer |
| 20:48 | Create | Archer |
| 20:49 | Create | Archer |
| 22:06 | Age | Castle Age |
| 22:10 | Research | Crossbowman (upgrade) |
| 22:10 | Research | Bodkin Arrow |
| 22:16 | Create | Villager (Male) |
| 22:18 | Create | Archer |
| 22:19 | Create | Archer |
| 22:25 | Build | House |
| 22:27 | Build | House |
| 22:29 | Build | House |
| 22:46 | Create | Archer |
| 22:46 | Create | Archer |
| 22:49 | Research | Leather Archer Armor |
| 22:50 | Create | Villager (Male) |
| 22:55 | Build | University |
| 23:21 | Create | Archer |
| 23:22 | Create | Archer |
| 23:25 | Create | Villager (Male) |
| 23:27 | Create | Villager (Male) |
| 23:32 | Create | Archer |
| 23:33 | Create | Archer |
| 23:33 | Create | Villager (Male) |
| 23:36 | Build | Farm |
| 23:57 | Research | Ballistics |
| 24:02 | Create | Villager (Male) |
| 24:20 | Create | Archer |
| 24:20 | Create | Archer |
| 24:21 | Create | Villager (Male) |
| 24:22 | Create | Villager (Male) |
| 24:37 | Create | Archer |
| 24:38 | Create | Archer |
| 25:12 | Create | Archer |
| 25:13 | Create | Archer |
| 25:13 | Create | Villager (Male) |
| 25:14 | Create | Villager (Male) |
| 25:17 | Build | House |
| 25:22 | Build | Mining Camp |
| 25:23 | Create | Villager (Male) |
| 25:33 | Build | Mining Camp |
| 25:53 | Create | Archer |
| 25:53 | Create | Archer |
| 26:04 | Create | Archer |
| 26:04 | Create | Archer |
| 26:44 | Create | Archer |
| 26:44 | Create | Archer |
| 27:12 | Create | Archer |
Build order — Gloriosa
First 150 of 198 actions detected
| 0:03 | Build | Town Center |
| 1:09 | Create | Villager (Male) |
| 1:09 | Create | Villager (Male) |
| 1:09 | Create | Villager (Male) |
| 1:10 | Create | Villager (Male) |
| 1:10 | Create | Villager (Male) |
| 1:49 | Create | Villager (Male) |
| 2:20 | Create | Villager (Male) |
| 2:29 | Build | Lumber Camp |
| 2:42 | Create | Villager (Male) |
| 2:42 | Create | Villager (Male) |
| 3:12 | Create | Villager (Male) |
| 3:22 | Create | Villager (Male) |
| 3:22 | Create | Villager (Male) |
| 4:24 | Create | Villager (Male) |
| 4:25 | Create | Villager (Male) |
| 5:01 | Create | Villager (Male) |
| 5:01 | Create | Villager (Male) |
| 5:07 | Create | Villager (Male) |
| 5:26 | Build | Mining Camp |
| 6:15 | Research | Feudal Age |
| 6:15 | Research | Feudal Age |
| 6:16 | Research | Feudal Age |
| 6:47 | Build | Barracks |
| 7:54 | Build | House |
| 8:25 | Age | Feudal Age |
| 8:27 | Build | Archery Range |
| 8:29 | Build | Archery Range |
| 8:32 | Create | Villager (Male) |
| 8:34 | Research | Double-Bit Axe |
| 8:35 | Research | Double-Bit Axe |
| 8:39 | Build | House |
| 9:00 | Research | Loom |
| 9:00 | Create | Villager (Male) |
| 9:04 | Create | Villager (Male) |
| 9:15 | Build | Blacksmith |
| 9:20 | Create | Villager (Male) |
| 9:24 | Build | Palisade Gate |
| 9:30 | Create | Archer |
| 9:31 | Create | Archer |
| 9:32 | Create | Villager (Male) |
| 9:43 | Create | Archer |
| 9:56 | Build | House |
| 10:02 | Create | Archer |
| 10:02 | Create | Archer |
| 10:13 | Research | Fletching |
| 10:13 | Research | Fletching |
| 10:18 | Create | Villager (Male) |
| 10:28 | Create | Archer |
| 10:42 | Create | Villager (Male) |
| 10:57 | Create | Villager (Male) |
| 10:58 | Create | Archer |
| 10:58 | Create | Archer |
| 11:07 | Create | Archer |
| 11:28 | Create | Archer |
| 11:28 | Create | Archer |
| 11:29 | Create | Villager (Male) |
| 11:40 | Build | Mill |
| 11:41 | Create | Villager (Male) |
| 11:43 | Create | Archer |
| 11:43 | Create | Archer |
| 11:58 | Create | Archer |
| 11:58 | Create | Archer |
| 12:07 | Create | Villager (Male) |
| 12:09 | Build | House |
| 12:28 | Create | Archer |
| 12:28 | Create | Archer |
| 12:31 | Create | Archer |
| 12:31 | Create | Archer |
| 12:49 | Create | Villager (Male) |
| 13:14 | Create | Villager (Male) |
| 13:44 | Build | House |
| 13:44 | Build | House |
| 14:19 | Create | Archer |
| 14:20 | Create | Archer |
| 14:21 | Create | Villager (Male) |
| 14:24 | Build | House |
| 14:30 | Create | Villager (Male) |
| 14:32 | Build | Farm |
| 14:43 | Build | Farm |
| 14:54 | Research | Padded Archer Armor |
| 14:55 | Research | Padded Archer Armor |
| 15:07 | Build | Farm |
| 15:09 | Create | Archer |
| 15:09 | Create | Archer |
| 15:25 | Create | Villager (Male) |
| 15:27 | Build | Farm |
| 15:40 | Create | Villager (Male) |
| 15:42 | Build | Farm |
| 15:47 | Create | Archer |
| 15:47 | Create | Archer |
| 16:01 | Create | Archer |
| 16:12 | Create | Villager (Male) |
| 16:13 | Create | Archer |
| 16:13 | Create | Archer |
| 16:23 | Create | Skirmisher |
| 16:29 | Create | Villager (Male) |
| 16:32 | Build | Farm |
| 16:47 | Build | Lumber Camp |
| 16:49 | Build | Market |
| 17:09 | Create | Archer |
| 17:09 | Create | Archer |
| 17:10 | Create | Villager (Male) |
| 17:13 | Build | House |
| 17:13 | Build | House |
| 17:23 | Create | Skirmisher |
| 17:24 | Create | Skirmisher |
| 17:40 | Create | Skirmisher |
| 18:17 | Create | Villager (Male) |
| 18:19 | Build | House |
| 18:26 | Build | House |
| 18:26 | Build | House |
| 18:55 | Create | Villager (Male) |
| 18:58 | Build | Farm |
| 19:11 | Research | Castle Age |
| 19:21 | Build | Palisade Wall |
| 19:22 | Build | Palisade Wall |
| 19:29 | Build | Palisade Wall |
| 19:31 | Build | Palisade Wall |
| 19:33 | Build | Palisade Wall |
| 19:40 | Build | Farm |
| 19:41 | Build | Farm |
| 19:46 | Create | Archer |
| 19:46 | Create | Archer |
| 19:59 | Create | Archer |
| 19:59 | Create | Archer |
| 20:11 | Research | Gold Mining |
| 20:11 | Research | Gold Mining |
| 20:11 | Research | Gold Mining |
| 20:12 | Create | Archer |
| 20:12 | Create | Archer |
| 20:32 | Build | House |
| 20:35 | Build | House |
| 20:41 | Build | Palisade Wall |
| 20:42 | Build | Palisade Wall |
| 20:54 | Build | Palisade Wall |
| 20:59 | Build | House |
| 21:00 | Build | House |
| 21:01 | Build | Palisade Wall |
| 21:05 | Build | House |
| 21:08 | Build | House |
| 21:10 | Build | House |
| 21:40 | Build | House |
| 21:46 | Build | House |
| 21:48 | Build | Palisade Gate |
| 21:51 | Age | Castle Age |
| 21:54 | Research | Crossbowman (upgrade) |
| 21:54 | Research | Bodkin Arrow |
| 21:54 | Research | Bodkin Arrow |
| 22:04 | Create | Villager (Male) |
Build order — SinManos
First 150 of 224 actions detected
| 0:05 | Build | Town Center |
| 1:08 | Create | Villager (Male) |
| 1:08 | Create | Villager (Male) |
| 1:15 | Create | Villager (Male) |
| 1:20 | Create | Villager (Male) |
| 1:21 | Create | Villager (Male) |
| 2:32 | Create | Villager (Male) |
| 2:32 | Create | Villager (Male) |
| 2:41 | Create | Villager (Male) |
| 2:41 | Create | Villager (Male) |
| 3:09 | Build | Mule Cart |
| 3:14 | Create | Villager (Male) |
| 3:15 | Create | Villager (Male) |
| 3:39 | Create | Villager (Male) |
| 3:54 | Create | Villager (Male) |
| 4:54 | Create | Villager (Male) |
| 5:05 | Build | Mill |
| 5:32 | Create | Villager (Male) |
| 5:34 | Create | Villager (Male) |
| 6:33 | Research | Feudal Age |
| 7:13 | Build | House |
| 7:17 | Build | House |
| 7:55 | Build | Barracks |
| 8:30 | Create | Villager (Male) |
| 8:30 | Create | Villager (Male) |
| 8:33 | Research | Loom |
| 8:43 | Age | Feudal Age |
| 8:51 | Build | Stable |
| 8:59 | Research | Double-Bit Axe |
| 8:59 | Research | Double-Bit Axe |
| 9:13 | Create | Villager (Male) |
| 9:16 | Create | Villager (Male) |
| 9:36 | Build | Palisade Wall |
| 9:43 | Create | Spearman |
| 9:49 | Create | Scout Cavalry |
| 9:57 | Create | Villager (Male) |
| 10:17 | Create | Villager (Male) |
| 10:28 | Create | Scout Cavalry |
| 10:35 | Build | House |
| 11:03 | Build | House |
| 11:05 | Build | Palisade Wall |
| 11:10 | Create | Scout Cavalry |
| 11:10 | Create | Villager (Male) |
| 11:17 | Create | Villager (Male) |
| 11:38 | Build | Palisade Gate |
| 11:40 | Build | Palisade Wall |
| 11:43 | Build | Farm |
| 11:55 | Create | Scout Cavalry |
| 11:59 | Create | Villager (Male) |
| 12:24 | Build | House |
| 12:28 | Create | Villager (Male) |
| 12:29 | Create | Scout Cavalry |
| 12:35 | Build | Blacksmith |
| 12:37 | Build | Palisade Wall |
| 12:40 | Build | Farm |
| 12:44 | Create | Scout Cavalry |
| 12:57 | Create | Scout Cavalry |
| 13:00 | Create | Villager (Male) |
| 13:02 | Create | Villager (Male) |
| 13:07 | Build | Farm |
| 13:20 | Build | Palisade Wall |
| 13:52 | Research | Scale Barding Armor |
| 13:52 | Research | Scale Barding Armor |
| 13:57 | Create | Villager (Male) |
| 14:16 | Build | Farm |
| 14:16 | Build | Farm |
| 14:16 | Build | Farm |
| 14:17 | Build | Farm |
| 14:20 | Build | Palisade Wall |
| 14:31 | Create | Villager (Male) |
| 14:31 | Create | Villager (Male) |
| 14:42 | Create | Villager (Male) |
| 14:45 | Build | Stable |
| 14:49 | Build | Farm |
| 14:50 | Build | Farm |
| 14:56 | Build | House |
| 15:05 | Build | Farm |
| 15:08 | Build | Farm |
| 15:15 | Build | House |
| 15:17 | Create | Villager (Male) |
| 15:28 | Create | Villager (Male) |
| 15:46 | Create | Villager (Male) |
| 15:57 | Create | Villager (Male) |
| 16:03 | Create | Scout Cavalry |
| 16:08 | Build | Farm |
| 16:08 | Build | Farm |
| 16:10 | Build | Farm |
| 16:19 | Build | Mule Cart |
| 16:23 | Build | Farm |
| 16:30 | Build | House |
| 16:35 | Create | Scout Cavalry |
| 16:42 | Create | Villager (Male) |
| 16:53 | Build | Farm |
| 16:54 | Build | Farm |
| 16:57 | Build | Farm |
| 17:01 | Build | Farm |
| 17:09 | Research | Forging |
| 17:10 | Create | Villager (Male) |
| 17:17 | Build | Palisade Wall |
| 17:18 | Build | Palisade Wall |
| 17:21 | Build | Palisade Wall |
| 17:25 | Build | Palisade Wall |
| 17:27 | Build | Palisade Wall |
| 17:30 | Build | Palisade Wall |
| 17:33 | Build | Farm |
| 17:36 | Create | Villager (Male) |
| 17:48 | Create | Villager (Male) |
| 17:57 | Build | Palisade Wall |
| 18:16 | Create | Scout Cavalry |
| 18:19 | Create | Scout Cavalry |
| 18:25 | Build | Farm |
| 18:36 | Create | Villager (Male) |
| 18:48 | Build | Market |
| 19:03 | Research | Wheelbarrow |
| 19:55 | Create | Villager (Male) |
| 20:06 | Build | House |
| 20:08 | Build | House |
| 20:20 | Build | Palisade Wall |
| 20:22 | Build | Palisade Wall |
| 20:42 | Create | Scout Cavalry |
| 20:56 | Create | Villager (Male) |
| 21:00 | Create | Spearman |
| 21:00 | Create | Spearman |
| 21:11 | Build | House |
| 21:14 | Build | House |
| 21:21 | Build | House |
| 21:47 | Create | Spearman |
| 21:50 | Create | Villager (Male) |
| 22:05 | Build | House |
| 22:07 | Build | House |
| 22:09 | Build | Palisade Wall |
| 22:11 | Build | House |
| 22:53 | Research | Castle Age |
| 22:54 | Research | Castle Age |
| 23:15 | Build | Palisade Wall |
| 23:20 | Build | Palisade Gate |
| 23:23 | Build | Palisade Wall |
| 23:35 | Build | Mule Cart |
| 23:57 | Build | Palisade Wall |
| 23:58 | Build | Palisade Wall |
| 24:01 | Build | Mule Cart |
| 24:21 | Research | Bloodlines |
| 24:21 | Research | Bloodlines |
| 25:31 | Build | Palisade Wall |
| 25:33 | Age | Castle Age |
| 25:37 | Create | Knight |
| 25:38 | Create | Villager (Male) |
| 25:51 | Build | Town Center |
| 25:54 | Research | Light Cavalry (upgrade) |
| 26:01 | Build | Stable |
Build order — King Gallas
First 150 of 157 actions detected
| 0:11 | Build | Town Center |
| 1:14 | Create | Villager (Male) ×4 |
| 1:14 | Create | Villager (Male) ×4 |
| 1:15 | Create | Villager (Male) ×4 |
| 1:48 | Build | Mill |
| 2:06 | Create | Villager (Male) |
| 2:06 | Create | Villager (Male) |
| 2:48 | Create | Villager (Male) |
| 2:49 | Create | Villager (Male) |
| 3:08 | Create | Villager (Male) |
| 3:40 | Build | Lumber Camp |
| 3:43 | Create | Villager (Male) |
| 4:15 | Create | Villager (Male) |
| 4:47 | Create | Villager (Male) |
| 5:14 | Create | Villager (Male) |
| 5:43 | Create | Villager (Male) |
| 6:12 | Create | Villager (Male) |
| 6:33 | Create | Villager (Male) |
| 6:47 | Research | Loom |
| 7:11 | Research | Feudal Age |
| 7:54 | Build | Barracks |
| 7:56 | Build | House |
| 8:45 | Create | Villager (Male) |
| 9:35 | Build | House |
| 9:39 | Age | Feudal Age |
| 9:43 | Build | Stable |
| 9:48 | Build | Palisade Wall |
| 9:57 | Create | Villager (Male) |
| 10:13 | Build | Blacksmith |
| 10:20 | Create | Villager (Male) |
| 10:24 | Create | Scout Cavalry |
| 10:44 | Create | Villager (Male) |
| 10:58 | Build | Stable |
| 10:59 | Create | Villager (Male) |
| 11:13 | Research | Forging |
| 11:17 | Create | Scout Cavalry |
| 11:37 | Create | Villager (Male) |
| 11:45 | Create | Scout Cavalry |
| 11:45 | Create | Scout Cavalry |
| 11:52 | Build | Stable |
| 12:00 | Create | Scout Cavalry |
| 12:08 | Create | Villager (Male) |
| 12:23 | Research | Town Watch |
| 12:24 | Build | House |
| 12:29 | Build | House |
| 12:30 | Build | House |
| 12:43 | Create | Scout Cavalry |
| 12:43 | Create | Scout Cavalry |
| 12:43 | Create | Scout Cavalry |
| 13:02 | Create | Villager (Male) |
| 13:19 | Research | Scale Barding Armor |
| 13:42 | Create | Villager (Male) |
| 14:11 | Create | Villager (Male) |
| 14:21 | Build | Pasture |
| 14:22 | Build | Pasture |
| 14:38 | Build | Pasture |
| 14:50 | Create | Scout Cavalry ×2 |
| 14:51 | Create | Villager (Male) |
| 14:53 | Build | Pasture |
| 14:55 | Build | Pasture |
| 14:56 | Build | Pasture |
| 14:56 | Build | Pasture |
| 14:56 | Build | Pasture |
| 14:56 | Build | Pasture |
| 14:56 | Build | Pasture |
| 14:57 | Build | Pasture |
| 14:57 | Build | Pasture |
| 15:15 | Create | Villager (Male) |
| 15:35 | Create | Villager (Male) |
| 16:16 | Create | Villager (Male) |
| 16:20 | Build | Pasture |
| 16:21 | Build | Pasture |
| 16:21 | Build | Pasture |
| 16:21 | Build | Pasture |
| 16:21 | Build | Pasture |
| 16:22 | Create | Villager (Male) |
| 16:29 | Create | Scout Cavalry ×2 |
| 16:50 | Build | Mill |
| 16:54 | Create | Scout Cavalry ×2 |
| 16:56 | Create | Villager (Male) |
| 17:12 | Build | House |
| 17:14 | Build | House |
| 17:14 | Build | House |
| 17:22 | Research | Wheelbarrow |
| 17:35 | Build | Pasture |
| 17:47 | Create | Scout Cavalry ×2 |
| 17:59 | Build | Lumber Camp |
| 18:01 | Build | Lumber Camp |
| 18:08 | Create | Scout Cavalry |
| 18:18 | Create | Villager (Male) |
| 18:31 | Build | Pasture |
| 18:44 | Research | Double-Bit Axe |
| 18:52 | Create | Villager (Male) |
| 18:53 | Create | Scout Cavalry |
| 19:07 | Create | Villager (Male) |
| 19:33 | Build | Pasture |
| 19:33 | Build | Pasture |
| 19:34 | Build | Pasture |
| 19:34 | Build | Pasture |
| 19:44 | Create | Villager (Male) |
| 19:54 | Build | Pasture |
| 20:05 | Build | Pasture |
| 20:07 | Create | Villager (Male) |
| 20:11 | Create | Scout Cavalry |
| 20:12 | Create | Scout Cavalry |
| 20:24 | Build | Pasture |
| 20:24 | Build | Pasture |
| 20:40 | Create | Villager (Male) |
| 20:55 | Create | Scout Cavalry |
| 20:55 | Create | Scout Cavalry |
| 20:55 | Create | Scout Cavalry |
| 21:07 | Build | Pasture |
| 21:26 | Create | Villager (Male) |
| 21:42 | Create | Villager (Male) |
| 22:22 | Create | Villager (Male) |
| 22:34 | Create | Scout Cavalry |
| 22:34 | Create | Scout Cavalry |
| 22:34 | Create | Scout Cavalry |
| 22:56 | Build | Market |
| 23:09 | Create | Villager (Male) |
| 23:19 | Create | Scout Cavalry |
| 23:20 | Create | Scout Cavalry |
| 23:23 | Build | Stable |
| 23:39 | Research | Castle Age |
| 23:55 | Create | Villager (Male) |
| 24:12 | Build | Pasture |
| 24:37 | Create | Villager (Male) |
| 24:46 | Create | Villager (Male) |
| 25:22 | Build | Lumber Camp |
| 25:24 | Build | Mill |
| 25:43 | Create | Villager (Male) |
| 26:08 | Build | Pasture |
| 26:19 | Age | Castle Age |
| 26:27 | Build | Siege Workshop |
| 26:30 | Create | Villager (Male) |
| 26:34 | Research | Light Cavalry (upgrade) |
| 26:53 | Build | Town Center |
| 27:05 | Build | Pasture |
| 27:06 | Create | Villager (Male) |
| 27:14 | Research | Light Cavalry (upgrade) |
| 27:17 | Research | Husbandry |
| 27:41 | Create | Villager (Male) |
| 27:49 | Create | Villager (Male) |
| 27:50 | Create | Villager (Male) |
| 28:08 | Create | Villager (Male) |
| 28:08 | Create | Villager (Male) |
| 28:12 | Create | Villager (Male) |
| 28:19 | Create | Steppe Lancer |
| 28:20 | Create | Steppe Lancer |
| 28:20 | Create | Steppe Lancer |
Build order — KekL_Perce1992
First 150 of 228 actions detected
| 0:06 | Build | Town Center |
| 1:05 | Create | Villager (Male) ×4 |
| 1:34 | Build | Lumber Camp |
| 1:45 | Create | Villager (Male) |
| 2:31 | Create | Villager (Male) |
| 2:31 | Create | Villager (Male) |
| 3:16 | Create | Villager (Male) |
| 3:58 | Create | Villager (Male) |
| 4:04 | Build | Mining Camp |
| 4:12 | Create | Villager (Male) |
| 4:40 | Create | Villager (Male) |
| 4:57 | Create | Villager (Male) |
| 5:21 | Create | Villager (Male) |
| 5:21 | Research | Loom |
| 6:16 | Research | Feudal Age |
| 7:19 | Build | Palisade Wall |
| 7:35 | Build | Palisade Wall |
| 7:41 | Build | Palisade Wall |
| 7:45 | Build | Barracks |
| 8:02 | Build | House |
| 8:34 | Create | Villager (Male) |
| 8:34 | Create | Villager (Male) |
| 8:40 | Age | Feudal Age |
| 8:45 | Build | Archery Range |
| 8:54 | Research | Double-Bit Axe |
| 9:12 | Build | Palisade Wall |
| 9:13 | Build | Palisade Wall |
| 9:16 | Build | Palisade Wall |
| 9:24 | Build | Palisade Wall |
| 9:29 | Create | Villager (Male) |
| 9:34 | Build | Archery Range |
| 9:47 | Create | Villager (Male) |
| 9:57 | Create | Archer |
| 9:57 | Create | Archer |
| 10:12 | Create | Villager (Male) |
| 10:19 | Build | House |
| 10:25 | Create | Villager (Male) |
| 10:33 | Create | Archer |
| 10:34 | Create | Archer |
| 10:51 | Build | House |
| 10:56 | Create | Villager (Male) |
| 11:00 | Create | Archer |
| 11:12 | Build | Blacksmith |
| 11:20 | Build | House |
| 11:23 | Create | Villager (Male) |
| 11:29 | Create | Archer |
| 11:53 | Build | House |
| 11:58 | Create | Villager (Male) |
| 12:01 | Create | Archer |
| 12:06 | Research | Fletching |
| 12:20 | Create | Archer |
| 12:20 | Create | Archer |
| 12:36 | Create | Archer |
| 12:40 | Create | Villager (Male) |
| 12:51 | Build | House |
| 12:52 | Build | House |
| 13:02 | Build | House |
| 13:08 | Create | Archer |
| 13:11 | Create | Villager (Male) |
| 13:41 | Create | Archer |
| 13:41 | Create | Archer |
| 14:06 | Create | Villager (Male) |
| 14:07 | Create | Archer |
| 14:07 | Create | Archer |
| 14:14 | Build | House |
| 14:28 | Create | Archer |
| 14:29 | Create | Archer |
| 14:30 | Create | Villager (Male) |
| 14:30 | Create | Villager (Male) |
| 14:45 | Build | Mill |
| 14:49 | Build | House |
| 14:50 | Build | House |
| 15:08 | Create | Villager (Male) |
| 15:09 | Create | Archer |
| 15:09 | Create | Archer |
| 15:20 | Build | House |
| 15:23 | Build | Palisade Wall |
| 15:25 | Build | Palisade Wall |
| 15:49 | Create | Archer |
| 15:49 | Create | Archer |
| 15:49 | Create | Archer |
| 15:50 | Create | Archer |
| 16:15 | Create | Archer |
| 16:16 | Create | Archer |
| 16:18 | Create | Villager (Male) |
| 16:18 | Create | Villager (Male) |
| 16:20 | Create | Archer |
| 16:27 | Build | Farm |
| 16:27 | Build | Farm |
| 16:27 | Build | Farm |
| 16:28 | Build | Farm |
| 16:45 | Build | House |
| 16:53 | Create | Archer |
| 16:53 | Create | Archer |
| 16:58 | Create | Villager (Male) |
| 17:15 | Create | Villager (Male) |
| 17:21 | Build | Farm |
| 17:42 | Research | Padded Archer Armor |
| 17:53 | Create | Villager (Male) |
| 17:55 | Create | Archer |
| 18:02 | Build | Farm |
| 18:02 | Build | Farm |
| 18:03 | Build | Farm |
| 18:06 | Build | Farm |
| 18:08 | Create | Villager (Male) |
| 18:32 | Create | Archer |
| 18:32 | Create | Archer |
| 18:34 | Create | Villager (Male) |
| 18:57 | Create | Villager (Male) |
| 19:30 | Create | Archer |
| 19:31 | Create | Archer |
| 19:40 | Research | Wheelbarrow |
| 19:48 | Build | Palisade Wall |
| 20:05 | Create | Archer |
| 20:05 | Create | Archer |
| 20:17 | Create | Villager (Male) |
| 20:43 | Create | Villager (Male) |
| 20:52 | Create | Archer |
| 20:52 | Create | Archer |
| 20:52 | Create | Archer |
| 20:53 | Create | Archer |
| 21:04 | Create | Villager (Male) |
| 21:13 | Create | Archer |
| 21:13 | Create | Archer |
| 21:30 | Create | Villager (Male) |
| 21:34 | Build | House |
| 21:35 | Build | House |
| 21:36 | Build | House |
| 21:37 | Build | House |
| 22:23 | Create | Archer |
| 22:23 | Create | Archer |
| 22:23 | Create | Archer |
| 22:24 | Create | Archer |
| 22:28 | Build | Farm |
| 22:29 | Build | Farm |
| 22:29 | Build | Farm |
| 22:29 | Build | Farm |
| 22:29 | Build | Farm |
| 22:30 | Build | Farm |
| 22:30 | Build | Farm |
| 22:30 | Build | Farm |
| 22:31 | Build | Farm |
| 22:31 | Build | Farm |
| 22:45 | Create | Villager (Male) |
| 23:07 | Create | Archer |
| 23:07 | Create | Archer |
| 23:22 | Create | Villager (Male) |
| 23:24 | Research | Horse Collar |
| 23:28 | Build | House |
| 23:52 | Create | Villager (Male) |
Build order — MACGP40
First 150 of 226 actions detected
| 0:09 | Build | Town Center |
| 1:11 | Create | Villager (Male) |
| 1:12 | Create | Villager (Male) |
| 1:12 | Create | Villager (Male) |
| 1:12 | Create | Villager (Male) |
| 1:12 | Create | Villager (Male) |
| 1:13 | Create | Villager (Male) |
| 1:13 | Create | Villager (Male) |
| 1:54 | Create | Villager (Male) |
| 1:55 | Create | Villager (Male) |
| 2:14 | Create | Villager (Male) |
| 2:14 | Create | Villager (Male) |
| 2:18 | Build | Lumber Camp |
| 2:46 | Create | Villager (Male) |
| 2:47 | Create | Villager (Male) |
| 3:14 | Create | Villager (Male) |
| 3:14 | Create | Villager (Male) |
| 3:25 | Build | House |
| 3:29 | Build | House |
| 3:31 | Create | Villager (Male) |
| 3:31 | Create | Villager (Male) |
| 3:53 | Build | Mill |
| 3:59 | Create | Villager (Male) |
| 3:59 | Create | Villager (Male) |
| 4:16 | Create | Villager (Male) |
| 4:16 | Create | Villager (Male) |
| 6:15 | Create | Villager (Male) |
| 6:15 | Create | Villager (Male) |
| 6:24 | Research | Loom |
| 6:46 | Build | Barracks |
| 6:50 | Build | House |
| 7:41 | Research | Feudal Age |
| 7:53 | Build | Mining Camp |
| 8:47 | Build | House |
| 8:54 | Create | Villager (Male) |
| 8:55 | Create | Villager (Male) |
| 8:57 | Create | Villager (Male) |
| 9:54 | Build | Archery Range |
| 10:00 | Create | Villager (Male) |
| 10:04 | Research | Double-Bit Axe |
| 10:25 | Create | Villager (Male) |
| 10:32 | Create | Villager (Male) |
| 10:43 | Build | Archery Range |
| 10:57 | Build | Stone Wall |
| 11:03 | Create | Villager (Male) |
| 11:04 | Create | Villager (Male) |
| 11:07 | Create | Archer |
| 11:11 | Build | House |
| 11:14 | Create | Archer |
| 11:28 | Build | Palisade Wall |
| 11:34 | Research | Horse Collar |
| 11:35 | Create | Villager (Male) |
| 11:39 | Create | Archer |
| 11:49 | Build | Blacksmith |
| 11:55 | Create | Archer |
| 11:55 | Create | Archer |
| 12:00 | Create | Villager (Male) |
| 12:18 | Create | Archer |
| 12:18 | Create | Archer |
| 12:26 | Create | Archer |
| 12:27 | Create | Archer |
| 12:35 | Create | Villager (Male) |
| 12:51 | Create | Archer |
| 12:52 | Create | Archer |
| 13:10 | Create | Archer |
| 13:10 | Create | Archer |
| 13:17 | Create | Villager (Male) |
| 13:29 | Build | Watch Tower |
| 14:02 | Create | Archer |
| 14:03 | Create | Archer |
| 14:34 | Research | Fletching |
| 14:43 | Build | House |
| 14:55 | Build | Lumber Camp |
| 14:59 | Create | Archer |
| 15:00 | Create | Archer |
| 15:07 | Create | Archer |
| 15:07 | Create | Archer |
| 15:14 | Create | Villager (Male) |
| 15:15 | Create | Villager (Male) |
| 15:15 | Create | Villager (Male) |
| 15:18 | Build | House |
| 15:30 | Create | Archer |
| 15:30 | Create | Archer |
| 15:50 | Build | House |
| 15:55 | Create | Villager (Male) |
| 15:56 | Create | Archer |
| 15:57 | Create | Archer |
| 15:57 | Create | Archer |
| 16:11 | Create | Archer |
| 16:11 | Create | Archer |
| 16:19 | Create | Archer |
| 16:20 | Create | Archer |
| 16:22 | Create | Villager (Male) |
| 16:29 | Create | Skirmisher |
| 16:29 | Create | Skirmisher |
| 16:48 | Create | Archer |
| 16:48 | Create | Archer |
| 16:50 | Create | Skirmisher |
| 16:58 | Build | Farm |
| 17:00 | Build | Farm |
| 17:02 | Build | Farm |
| 17:06 | Build | Farm |
| 17:09 | Create | Archer |
| 17:09 | Create | Archer |
| 17:23 | Build | Farm |
| 17:33 | Build | Farm |
| 17:41 | Create | Villager (Male) |
| 17:42 | Create | Villager (Male) |
| 17:42 | Create | Villager (Male) |
| 17:55 | Create | Archer |
| 17:55 | Create | Archer |
| 18:20 | Build | Farm |
| 18:21 | Build | Farm |
| 18:28 | Create | Archer |
| 18:28 | Create | Archer |
| 18:44 | Create | Archer |
| 18:44 | Create | Archer |
| 18:51 | Build | House |
| 18:57 | Build | House |
| 18:59 | Create | Villager (Male) |
| 18:59 | Create | Villager (Male) |
| 19:30 | Build | Farm |
| 19:33 | Build | Mining Camp |
| 19:52 | Build | House |
| 19:54 | Build | House |
| 20:04 | Create | Villager (Male) |
| 20:17 | Build | Archery Range |
| 20:27 | Create | Villager (Male) |
| 20:40 | Create | Villager (Male) |
| 20:44 | Build | Farm |
| 20:45 | Build | Farm |
| 20:46 | Create | Villager (Male) |
| 21:11 | Build | Archery Range |
| 21:19 | Create | Archer |
| 21:19 | Create | Archer |
| 21:35 | Create | Archer |
| 21:37 | Create | Villager (Male) |
| 21:54 | Build | Watch Tower |
| 22:04 | Build | Archery Range |
| 22:06 | Create | Archer |
| 22:06 | Create | Archer |
| 22:10 | Build | House |
| 22:13 | Build | House |
| 22:16 | Create | Archer |
| 22:16 | Create | Archer |
| 22:26 | Create | Villager (Male) |
| 22:27 | Build | Farm |
| 22:30 | Create | Villager (Male) |
| 22:40 | Build | Farm |
| 22:42 | Create | Villager (Male) |
Build order — OsoPolar
First 150 of 163 actions detected
| 0:04 | Build | Town Center |
| 1:18 | Research | Loom |
| 1:48 | Create | Villager (Male) |
| 2:09 | Create | Villager (Male) |
| 2:43 | Create | Villager (Male) |
| 2:45 | Create | Villager (Male) |
| 3:09 | Create | Villager (Male) |
| 3:09 | Create | Villager (Male) |
| 3:13 | Create | Villager (Male) |
| 3:20 | Build | Mill |
| 3:54 | Create | Villager (Male) |
| 4:32 | Create | Villager (Male) |
| 5:23 | Build | Lumber Camp |
| 5:24 | Create | Villager (Male) |
| 5:25 | Create | Villager (Male) |
| 6:03 | Create | Villager (Male) |
| 6:22 | Research | Feudal Age |
| 7:27 | Build | Barracks |
| 7:56 | Create | Villager (Male) |
| 8:49 | Age | Feudal Age |
| 8:51 | Build | Stable |
| 8:55 | Research | Double-Bit Axe |
| 8:59 | Create | Villager (Male) |
| 9:10 | Build | House |
| 9:17 | Create | Villager (Male) |
| 9:35 | Build | Palisade Wall |
| 9:37 | Create | Scout Cavalry |
| 9:37 | Create | Scout Cavalry |
| 9:37 | Create | Scout Cavalry |
| 9:51 | Build | Farm |
| 9:52 | Build | Farm |
| 9:59 | Research | Horse Collar |
| 10:03 | Create | Villager (Male) |
| 10:08 | Build | Farm |
| 10:15 | Build | Mill |
| 10:22 | Create | Scout Cavalry |
| 10:25 | Create | Villager (Male) |
| 10:31 | Build | Farm |
| 10:44 | Create | Villager (Male) |
| 10:48 | Build | Farm |
| 10:55 | Build | Farm |
| 11:07 | Create | Scout Cavalry |
| 11:11 | Build | Farm |
| 11:14 | Build | Farm |
| 11:24 | Create | Villager (Male) |
| 11:24 | Create | Villager (Male) |
| 11:29 | Build | Farm |
| 11:35 | Build | Farm |
| 11:41 | Build | Farm |
| 12:03 | Create | Villager (Male) |
| 12:08 | Build | House |
| 12:10 | Build | Palisade Wall |
| 12:11 | Create | Villager (Male) |
| 12:44 | Create | Villager (Male) |
| 12:46 | Create | Scout Cavalry |
| 13:02 | Create | Villager (Male) |
| 13:05 | Build | Farm |
| 13:06 | Build | Farm |
| 13:08 | Build | Farm |
| 13:27 | Create | Villager (Male) |
| 13:41 | Create | Scout Cavalry |
| 13:42 | Create | Villager (Male) |
| 13:47 | Build | House |
| 13:50 | Build | Farm |
| 13:52 | Build | Farm |
| 14:06 | Create | Villager (Male) |
| 14:23 | Build | Farm |
| 14:24 | Build | Farm |
| 14:34 | Create | Scout Cavalry |
| 14:35 | Create | Villager (Male) |
| 15:04 | Create | Villager (Male) |
| 15:08 | Build | Farm |
| 15:11 | Build | Mining Camp |
| 15:17 | Create | Scout Cavalry |
| 15:37 | Create | Villager (Male) |
| 15:41 | Create | Scout Cavalry |
| 15:52 | Create | Villager (Male) |
| 15:55 | Build | House |
| 15:56 | Build | House |
| 16:00 | Build | Blacksmith |
| 16:39 | Create | Villager (Male) |
| 16:42 | Build | Palisade Wall |
| 17:05 | Create | Villager (Male) |
| 17:23 | Research | Castle Age |
| 17:52 | Build | House |
| 18:01 | Build | Stable |
| 18:47 | Research | Bloodlines |
| 18:56 | Build | Palisade Gate |
| 19:00 | Research | Scale Barding Armor |
| 19:03 | Build | Farm |
| 19:07 | Research | Gold Mining |
| 19:13 | Build | Lumber Camp |
| 19:39 | Create | Villager (Male) |
| 20:11 | Age | Castle Age |
| 20:14 | Create | Knight |
| 20:14 | Create | Knight |
| 20:14 | Create | Knight |
| 20:19 | Research | Bow Saw |
| 20:29 | Research | Husbandry |
| 20:34 | Create | Villager (Male) |
| 20:45 | Create | Knight |
| 20:46 | Create | Knight |
| 20:54 | Build | House |
| 21:00 | Build | House |
| 21:09 | Create | Villager (Male) |
| 21:09 | Create | Villager (Male) |
| 21:14 | Build | Mining Camp |
| 21:20 | Research | Forging |
| 21:34 | Research | Chain Barding Armor |
| 21:43 | Build | Farm |
| 21:46 | Build | Mill |
| 21:46 | Build | Farm |
| 21:47 | Build | Farm |
| 21:47 | Build | Farm |
| 21:47 | Build | Farm |
| 21:47 | Build | Farm |
| 21:48 | Build | Farm |
| 22:07 | Create | Knight |
| 22:07 | Create | Knight |
| 22:21 | Create | Villager (Male) |
| 22:23 | Create | Villager (Male) |
| 22:23 | Create | Villager (Male) |
| 22:34 | Build | Lumber Camp |
| 23:03 | Create | Knight |
| 23:04 | Create | Knight |
| 23:04 | Create | Knight |
| 23:04 | Create | Knight |
| 23:28 | Create | Knight |
| 23:28 | Create | Knight |
| 23:56 | Build | House |
| 23:59 | Create | Knight |
| 23:59 | Create | Knight |
| 24:00 | Create | Knight |
| 24:11 | Create | Villager (Male) |
| 24:15 | Research | Wheelbarrow |
| 24:16 | Research | Town Watch |
| 24:17 | Create | Villager (Male) |
| 24:21 | Create | Villager (Male) |
| 24:23 | Create | Knight |
| 24:23 | Create | Knight |
| 24:34 | Create | Knight |
| 24:35 | Create | Knight |
| 24:41 | Build | House |
| 24:53 | Create | Knight |
| 24:55 | Create | Villager (Male) |
| 24:55 | Create | Villager (Male) |
| 25:15 | Create | Villager (Male) |
| 25:16 | Create | Villager (Male) |
| 25:21 | Create | Knight |
| 25:21 | Create | Knight |
Match timeline
| 6:46 | MACGP40 · first_building Barracks |
| 6:47 | Gloriosa · first_building Barracks |
| 6:48 | Nurmi · first_building Barracks |
| 7:19 | KekL_Perce1992 · wall_segment Palisade Wall x8 |
| 7:27 | OsoPolar · first_building Barracks |
| 7:35 | KekL_Perce1992 · wall_segment Palisade Wall x1 |
| 7:41 | KekL_Perce1992 · wall_segment Palisade Wall x4 |
| 7:45 | KekL_Perce1992 · first_building Barracks |
| 7:54 | King Gallas · first_building Barracks |
| 7:55 | SinManos · first_building Barracks |
| 7:56 | [DOV] The_GothFather · first_building Barracks |
| 8:25 | Gloriosa · age_up feudal |
| 8:27 | Gloriosa · first_building Archery Range |
| 8:40 | KekL_Perce1992 · age_up feudal |
| 8:43 | SinManos · age_up feudal |
| 8:45 | KekL_Perce1992 · first_building Archery Range |
| 8:49 | OsoPolar · age_up feudal |
| 8:51 | SinManos · first_building Stable |
| 8:51 | OsoPolar · first_building Stable |
| 9:12 | KekL_Perce1992 · wall_segment Palisade Wall x3 |
| 9:13 | KekL_Perce1992 · wall_segment Palisade Wall x1 |
| 9:16 | KekL_Perce1992 · wall_segment Palisade Wall x1 |
| 9:24 | KekL_Perce1992 · wall_segment Palisade Wall x14 |
| 9:35 | OsoPolar · wall_segment Palisade Wall x6 |
| 9:36 | SinManos · wall_segment Palisade Wall x6 |
| 9:39 | King Gallas · age_up feudal |
| 9:42 | [DOV] The_GothFather · age_up feudal |
| 9:43 | King Gallas · first_building Stable |
| 9:44 | [DOV] The_GothFather · first_building Archery Range |
| 9:48 | King Gallas · wall_segment Palisade Wall x1 |
| 9:54 | MACGP40 · first_building Archery Range |
| 10:31 | Nurmi · wall_segment Palisade Wall x3 |
| 10:37 | Nurmi · wall_segment Palisade Wall x3 |
| 10:57 | MACGP40 · wall_segment Stone Wall x12 |
| 11:04 | Nurmi · wall_segment Palisade Wall x1 |
| 11:05 | SinManos · wall_segment Palisade Wall x5 |
| 11:18 | Nurmi · age_up feudal |
| 11:28 | MACGP40 · wall_segment Palisade Wall x12 |
| 11:28 | Nurmi · first_building Stable |
| 11:40 | SinManos · wall_segment Palisade Wall x2 |
| 12:06 | [DOV] The_GothFather · wall_segment Palisade Wall x1 |
| 12:10 | OsoPolar · wall_segment Palisade Wall x5 |
| 12:34 | Nurmi · wall_segment Palisade Wall x2 |
| 12:37 | SinManos · wall_segment Palisade Wall x4 |
| 12:54 | Nurmi · wall_segment Palisade Wall x4 |
| 13:08 | Nurmi · wall_segment Palisade Wall x1 |
| 13:10 | Nurmi · wall_segment Palisade Wall x1 |
| 13:12 | Nurmi · wall_segment Palisade Wall x1 |
| 13:20 | Nurmi · wall_segment Palisade Wall x1 |
| 13:20 | SinManos · wall_segment Palisade Wall x3 |
| 13:24 | Nurmi · wall_segment Palisade Wall x1 |
| 13:30 | Nurmi · wall_segment Palisade Wall x1 |
| 13:32 | Nurmi · wall_segment Palisade Wall x1 |
| 13:51 | Nurmi · wall_segment Palisade Wall x13 |
| 14:20 | SinManos · wall_segment Palisade Wall x4 |
| 14:26 | Nurmi · wall_segment Palisade Wall x2 |
| 15:23 | KekL_Perce1992 · wall_segment Palisade Wall x1 |
| 15:25 | KekL_Perce1992 · wall_segment Palisade Wall x1 |
| 16:20 | Nurmi · age_up castle |
| 16:42 | OsoPolar · wall_segment Palisade Wall x1 |
| 17:17 | SinManos · wall_segment Palisade Wall x1 |
| 17:18 | SinManos · wall_segment Palisade Wall x1 |
| 17:21 | SinManos · wall_segment Palisade Wall x12 |
| 17:25 | SinManos · wall_segment Palisade Wall x4 |
| 17:27 | SinManos · wall_segment Palisade Wall x7 |
| 17:30 | SinManos · wall_segment Palisade Wall x10 |
| 17:57 | SinManos · wall_segment Palisade Wall x1 |
| 18:32 | [DOV] The_GothFather · first_market_sell 500 stone |
| 18:34 | [DOV] The_GothFather · first_market_buy 100 food |
| 18:36 | Nurmi · wall_segment Palisade Wall x1 |
| 18:59 | Gloriosa · first_market_buy 100 food |
| 19:02 | Gloriosa · first_market_sell 100 wood |
| 19:21 | Gloriosa · wall_segment Palisade Wall x6 |
| 19:22 | Gloriosa · wall_segment Palisade Wall x5 |
| 19:29 | Gloriosa · wall_segment Palisade Wall x9 |
| 19:31 | Gloriosa · wall_segment Palisade Wall x1 |
| 19:33 | Gloriosa · wall_segment Palisade Wall x2 |
| 19:48 | KekL_Perce1992 · wall_segment Palisade Wall x1 |
| 20:11 | OsoPolar · age_up castle |
| 20:20 | SinManos · wall_segment Palisade Wall x1 |
| 20:22 | SinManos · wall_segment Palisade Wall x1 |
| 20:41 | Gloriosa · wall_segment Palisade Wall x1 |
| 20:42 | Gloriosa · wall_segment Palisade Wall x1 |
| 20:54 | Gloriosa · wall_segment Palisade Wall x1 |
| 21:01 | Gloriosa · wall_segment Palisade Wall x1 |
| 21:51 | Gloriosa · age_up castle |
| 22:06 | [DOV] The_GothFather · age_up castle |
| 22:09 | SinManos · wall_segment Palisade Wall x1 |
| 22:33 | SinManos · first_market_buy 100 food |
| 23:15 | SinManos · wall_segment Palisade Wall x1 |
| 23:23 | SinManos · wall_segment Palisade Wall x1 |
| 23:37 | King Gallas · first_market_sell 100 food |
| 23:57 | SinManos · wall_segment Palisade Wall x1 |
| 23:58 | SinManos · wall_segment Palisade Wall x1 |
| 25:31 | SinManos · wall_segment Palisade Wall x1 |
| 25:33 | SinManos · age_up castle |
| 26:19 | King Gallas · age_up castle |
| 26:27 | King Gallas · first_building Siege Workshop |
| 27:52 | Gloriosa · resign |
| 27:59 | KekL_Perce1992 · age_up castle |
| 28:01 | KekL_Perce1992 · first_building Siege Workshop |
| 31:19 | SinManos · first_building Castle |
| 32:07 | [DOV] The_GothFather · first_building Monastery |
| 32:36 | [DOV] The_GothFather · first_building Castle |
| 32:48 | Nurmi · first_building Monastery |
| 33:23 | Nurmi · first_building Siege Workshop |
[ AI ANALYSIS · 1 CREDIT ]
What really happened in this match?
Wolo.gg analyzes every decision: build order, eco, micro, common mistakes by bracket. Personalized analysis on WhatsApp or Discord in 30 seconds.
Civ guide
Mongols
Perfil
Jugador #1277921